[Event "1st Bangalore GM-Open-A 2024"]
[Site "Bangalore"]
[Date "2024.01.20"]
[Round "4.18"]
[White "Ghosh, Diptayan"]
[Black "Apoorv Kamble"]
[Result "1/2-1/2"]
[ECO "A21"]
[WhiteElo "2568"]
[BlackElo "2308"]
[Annotator "TA"]
[PlyCount "62"]
[EventDate "2024.01.20"]
[EventType "swiss"]
[EventCountry "IND"]
[SourceTitle "playchess.com"]
[Source "ChessBase"]
[SourceQuality "1"]
[TimeControl "5400+30"]

1. c4 e5 2. Nc3 Bb4 3. Nd5 Be7 4. d4 d6 5. e4 Nc6 6. Ne2 {[%emt 0:03:28] A21: English Opening: 1...e5 2 Nc3.} Nf6 7. Nxe7 Nxe7 8. f3 {[%emt 0:09:00] White is slightly better.} O-O 9. Be3 Nd7 {[%emt 0:01:58] [#]} 10. Ng3 $146 ({Predecessor:} 10. Qc2 f5 11. O-O-O fxe4 12. fxe4 Qe8 13. h3 Qg6 14. g4 Nc6 15. Bg2 exd4 16. Nxd4 Nxd4 17. Bxd4 {½-½ Price,D (2074)-Hjorth,J (1960) Webchess op5 Gr07 email 2012}) 10... Qe8 11. Be2 Nb8 12. O-O f5 {[%emt 0:01:27] [#] White must now prevent ...f4.} 13. exf5 Nxf5 14. Nxf5 Bxf5 15. dxe5 Nc6 16. Qd5+ Be6 17. Qe4 Bf5 $1 18. Qd5+ Be6 19. Qd2 {[%emt 0:01:42] White is more active.} dxe5 20. Rad1 Rd8 21. Qc3 Qe7 22. Kh1 Bf7 23. Bd3 Qb4 24. Qxb4 (24. Qc1 {is interesting.} Rxd3 25. Rxd3 Bxc4 26. Bc5) 24... Nxb4 25. Be2 {[%emt 0:00:06] [#] Strongly threatening Bc5. A strong pair of Bishops.} Nc6 26. b3 Bg6 27. Bg5 Rxd1 28. Rxd1 e4 29. Rd7 (29. Kg1 $5 ) 29... Bh5 (29... exf3 $11 30. gxf3 (30. Bxf3 Be4 $11 {[%mdl 64] Back Rank}) 30... Rf7) 30. Kg1 ({Reject} 30. Rxc7 Nd4 31. Bf1 Ne6 32. Rxb7 Nxg5 $11) (30. Bf1 $1 $14) 30... exf3 $11 31. gxf3 Ne5 {[%emt 0:05:01] Weighted Error Value: White=0.14 (very precise) /Black=0.11 (very precise)} 1/2-1/2

[Event "1st Bangalore GM-Open-A 2024"]
[Site "Bangalore"]
[Date "2024.01.20"]
[Round "4.19"]
[White "Fawzy, Adham"]
[Black "Sahoo, Utkal Ranjan"]
[Result "1/2-1/2"]
[ECO "C02"]
[WhiteElo "2522"]
[BlackElo "2316"]
[Annotator "TA"]
[PlyCount "57"]
[EventDate "2024.01.20"]
[EventType "swiss"]
[EventCountry "IND"]
[SourceTitle "playchess.com"]
[Source "ChessBase"]
[SourceQuality "1"]
[TimeControl "5400+30"]

1. e4 e6 2. d4 d5 3. e5 c5 4. c3 Nc6 5. Nf3 Bd7 6. Bd3 Qc7 7. a3 f6 8. O-O fxe5 {[%emt 0:03:28] C02: French: Advance Variation.} 9. Nxe5 Nxe5 (9... cxd4 $2 10. Qh5+ g6 11. Bxg6+ hxg6 12. Qxg6+ (12. Qxh8 $2 Qxe5 13. Qxe5 {[%mdl 64] Remove Defender} Nxe5 $17) 12... Ke7 13. Bg5+ Kd6 14. Bf4 $18) 10. Bf4 {[%emt 0:02:19][%mdl 64] [#] Hoping for Qh5+. Pin has lost popularity (10.dxe5).} (10. dxe5 O-O-O $11) 10... Nf6 {[%emt 0:19:12] [#] Dodges Qh5+} 11. Re1 $146 {[%emt 0:10:35][%mdl 64] Pin} ({Predecessor:} 11. dxe5 O-O-O 12. Bg3 Ne4 13. Bxe4 dxe4 14. c4 Bc6 15. Qe2 g5 16. Nc3 h5 17. h3 {0-1 Jimenez Fernandez,R (2040)-Webb,L (2201) Sitges Sunway op 9th 2022 (6)}) 11... O-O-O 12. Bxe5 (12. dxe5 c4 13. Bc2 Ng8 $11) 12... Bd6 13. Nd2 Rdf8 14. Nf3 {[%emt 0:05:54] White has more active pieces.} Ng4 (14... c4 $16 {was called for.}) 15. Bxd6 $18 (15. Bxg7 $2 Bxh2+ 16. Kf1 Nxf2 $19) 15... Qxd6 16. Qe2 $2 (16. h3 $18 Nf6 17. dxc5 Qxc5 18. Rc1) 16... c4 $11 17. Bc2 h5 $1 18. h3 Rh6 $1 19. Ne5 (19. hxg4 hxg4 20. Qe5 Rfh8 $17) 19... Rxf2 (19... Nxf2 20. Rf1 Rhf6 21. Qxh5 $14) 20. Qd1 Nxe5 21. Kxf2 Rf6+ 22. Ke2 {[%emt 0:01:11] [#]} (22. Kg1 $2 Nf3+ 23. Qxf3 Rxf3 $19) 22... Nd3 $1 23. Rf1 {[%emt 0:01:28] Dodges Rf2+. Black must now prevent Rxf6. The board is on fire.} (23. Bxd3 $2 {too greedy.} Qg3 24. Rf1 cxd3+ 25. Qxd3 Qxd3+ 26. Kxd3 Bb5+ 27. Kd2 Bxf1 $19) 23... Qg3 {[%emt 0:00:27] ( -> ...Rf2+)} (23... Qh2 $5 24. Rxf6 Qxg2+ 25. Ke3 gxf6 26. Bxd3 cxd3 27. Qxd3 Qxb2 $17) 24. Rxf6 Qxg2+ 25. Ke3 Qg5+ {[%emt 0:00:47][%mdl 1024] Black has compensation.} 26. Ke2 Qg2+ ({Much less strong is} 26... Qxf6 27. Bxd3 cxd3+ 28. Qxd3 $14) 27. Ke3 Qg5+ 28. Ke2 {[%emt 0:00:16] Threatens to win with Rf8+.} Qg2+ ({But not} 28... Qxf6 29. Bxd3 cxd3+ 30. Qxd3 $14) 29. Ke3 {[%emt 0:00:33] Weighted Error Value: White=0.11 (very precise) /Black=0.14 (very precise)} 1/2-1/2

[Event "1st Bangalore GM-Open-A 2024"]
[Site "Bangalore"]
[Date "2024.01.20"]
[Round "4.20"]
[White "Das, Sayantan"]
[Black "Srihari L"]
[Result "1/2-1/2"]
[ECO "A26"]
[WhiteElo "2514"]
[BlackElo "2288"]
[Annotator "TA"]
[PlyCount "145"]
[EventDate "2024.01.20"]
[EventType "swiss"]
[EventCountry "IND"]
[SourceTitle "playchess.com"]
[Source "ChessBase"]
[SourceQuality "1"]
[TimeControl "5400+30"]

1. Nf3 Nf6 2. c4 g6 3. g3 Bg7 4. Bg2 O-O 5. O-O d6 6. Nc3 e5 7. d3 Nc6 8. Rb1 a6 9. b4 h6 10. h3 Be6 11. e4 Qd7 12. Kh2 b5 13. cxb5 axb5 14. a3 Nd4 15. Nxd4 exd4 16. Nd5 Bxd5 17. exd5 h5 18. Bb2 Qf5 19. Rc1 Nxd5 20. Be4 Qe5 21. Qf3 c6 22. Rfe1 (22. Bxd5 $11 cxd5 23. Rfe1) 22... Rae8 ({Better is} 22... h4 $15) 23. Bxd5 $1 $11 Qxd5 24. Qxd5 cxd5 25. Kg2 Rxe1 26. Rxe1 {[%emt 0:00:06][%mdl 4096] Endgame KRB-KRB} Rc8 27. Rc1 {[%emt 0:01:25] Against Rc2} Rxc1 28. Bxc1 {[%emt 0:00:02] KB-KB} Kf8 29. Kf3 {[%emt 0:00:32][%mdl 1024] White has compensation.} Ke7 30. Ke2 Kd7 31. Kd1 Kc6 32. Kc2 Bf6 33. Kb3 Bd8 34. a4 bxa4+ 35. Kxa4 Bb6 36. Bg5 Bc7 37. Bf6 Bb6 38. h4 (38. f3 $16) 38... Bc7 $1 {[%emt 0:04:20] The position is equal.} 39. Bxd4 Bd8 40. Be3 Bc7 41. f3 Bd8 42. Bd4 Bc7 43. Bf6 Bb6 44. Be7 Bf2 45. Ka5 {[%emt 0:00:27] [#] aiming for Ka6.} Be1 (45... Bxg3 $2 46. Ka6 Kd7 47. b5 $18) 46. Bf6 Kb7 (46... Bxg3 $2 47. Ka6 Kd7 48. b5 $18) 47. g4 Kc6 48. gxh5 gxh5 49. Be7 Kd7 50. Bg5 Kc6 51. Bf6 Bd2 52. Bd4 Be1 53. Be3 Kb7 ({Much less strong is} 53... Bxh4 54. Ka6 d4 55. b5+ Kc5 56. Bd2 $16) 54. Bg5 Kc6 55. Bf6 Bd2 56. Ka4 Be1 57. Bg5 Kb6 58. b5 Kb7 59. Bd8 Kc8 60. Be7 Kc7 61. Bg5 Kb7 62. Bf6 Kc7 63. f4 Kb7 64. f5 $1 Kc7 65. Be7 Bd2 66. Bg5 Be1 67. Bf6 Bd2 68. Bg5 Be1 69. Be7 Bd2 70. Bf6 Be1 71. Bg5 Kb7 72. Kb3 Kb6 73. Ka4 {[%emt 0:00:05] Weighted Error Value: White=0.10 (very precise) /Black=0.07 (flawless)} 1/2-1/2

[Event "1st Bangalore GM-Open-A 2024"]
[Site "Bangalore"]
[Date "2024.01.20"]
[Round "4.21"]
[White "Omidi, Arya"]
[Black "Shyam, Sundar M."]
[Result "1/2-1/2"]
[ECO "C79"]
[WhiteElo "2301"]
[BlackElo "2497"]
[Annotator "RC"]
[PlyCount "80"]
[EventDate "2024.01.20"]
[EventType "swiss"]
[EventCountry "IND"]
[SourceTitle "playchess.com"]
[Source "ChessBase"]
[SourceQuality "1"]
[TimeControl "5400+30"]

1. e4 e5 2. Nf3 Nc6 3. Bb5 a6 4. Ba4 Nf6 5. O-O d6 6. c3 Bd7 7. Re1 g6 8. d4 Bg7 9. Nbd2 O-O 10. Bc2 exd4 11. cxd4 Nh5 12. d5 Nb4 13. Bb1 a5 14. a3 Na6 15. Bc2 Re8 16. h3 h6 17. Rb1 Nc5 18. Nf1 Re7 19. b4 axb4 20. axb4 Na4 21. Rb3 Qe8 22. g4 Nf6 23. Ng3 Nh7 24. Be3 Nb6 25. Qc1 Ba4 26. Rb1 Bxc2 27. Qxc2 Qa4 28. Rec1 Qa2 29. Kg2 Nf6 30. Rb2 Qa4 31. Qxa4 Rxa4 32. Rbc2 Nxe4 33. Rxc7 Rxc7 34. Rxc7 Nxg3 35. Bxb6 Rxb4 36. Be3 Ne4 37. Rc8+ Kh7 38. Rc7 Kg8 39. Rc8+ Kh7 40. Rc7 Kg8 1/2-1/2

[Event "1st Bangalore GM-Open-A 2024"]
[Site "Bangalore"]
[Date "2024.01.20"]
[Round "4.22"]
[White "Savchenko, Boris"]
[Black "Saravana, Krishnan P."]
[Result "1/2-1/2"]
[ECO "C90"]
[WhiteElo "2489"]
[BlackElo "2269"]
[Annotator "RC"]
[PlyCount "63"]
[EventDate "2024.01.20"]
[EventType "swiss"]
[EventCountry "IND"]
[SourceTitle "playchess.com"]
[Source "ChessBase"]
[SourceQuality "1"]
[TimeControl "5400+30"]

1. e4 e5 2. Nf3 Nc6 3. Bb5 a6 4. Ba4 Nf6 5. O-O Be7 6. Re1 b5 7. Bb3 O-O 8. c3 d6 9. a4 Bg4 10. h3 Bh5 11. Qe2 Qd7 12. d3 Na5 13. Bc2 b4 14. d4 bxc3 15. dxe5 dxe5 16. Nxc3 Nc6 17. Be3 Nd4 18. Bxd4 Bxf3 19. Qxf3 Qxd4 20. Rad1 Qb4 21. Nd5 Nxd5 22. exd5 Qxb2 23. Re2 Qa3 24. Qxa3 Bxa3 25. Rxe5 Rfb8 26. Bf5 Rb2 27. Rde1 g6 28. Re8+ Rxe8 29. Rxe8+ Kg7 30. Bd3 Rb4 31. Re4 Rxe4 32. Bxe4 1/2-1/2

[Event "1st Bangalore GM-Open-A 2024"]
[Site "Bangalore"]
[Date "2024.01.20"]
[Round "4.23"]
[White "Stany, G.A."]
[Black "Joshua, A P"]
[Result "1-0"]
[ECO "B12"]
[WhiteElo "2459"]
[BlackElo "2234"]
[Annotator "ChessBase"]
[PlyCount "59"]
[EventDate "2024.01.20"]
[EventType "swiss"]
[EventCountry "IND"]
[SourceTitle "playchess.com"]
[Source "ChessBase"]
[SourceQuality "1"]
[TimeControl "5400+30"]

1. e4 c6 2. d4 d5 3. e5 c5 4. c3 Nc6 5. Be2 Bf5 6. Nf3 e6 7. O-O Qb6 8. dxc5 Bxc5 9. b4 Be7 10. Qa4 Nh6 11. Be3 Qc7 12. b5 Qa5 13. Qb3 Nb8 14. Nbd2 Nd7 15. c4 Ng4 16. cxd5 Nxe3 17. Qxe3 exd5 18. Nd4 Be6 19. f4 g6 20. g4 Nc5 21. f5 gxf5 22. gxf5 Rg8+ 23. Kh1 Bg5 24. Qf3 Qxd2 25. fxe6 O-O-O 26. exf7 Qxd4 27. fxg8=Q Rxg8 28. Rad1 Bd2 29. Qf7 Rd8 30. e6 1-0

[Event "1st Bangalore GM-Open-A 2024"]
[Site "Bangalore"]
[Date "2024.01.20"]
[Round "4.24"]
[White "Jaiveer Mahendru"]
[Black "Shyaamnikhil P"]
[Result "0-1"]
[ECO "B90"]
[WhiteElo "2294"]
[BlackElo "2443"]
[Annotator "RC"]
[PlyCount "168"]
[EventDate "2024.01.20"]
[EventType "swiss"]
[EventCountry "IND"]
[SourceTitle "playchess.com"]
[Source "ChessBase"]
[SourceQuality "1"]
[TimeControl "5400+30"]

1. e4 c5 2. Nf3 d6 3. d4 cxd4 4. Nxd4 Nf6 5. Nc3 a6 6. Be3 e5 7. Nb3 Be7 8. h3 Be6 9. Qf3 Nbd7 10. O-O-O Rc8 11. g4 h6 12. Nd5 Bxd5 13. exd5 Nb6 14. h4 Qc7 15. c3 Nc4 16. Bd3 g6 17. Bxh6 e4 18. Bxe4 Ne5 19. Qe2 Rxh6 20. g5 Qc4 21. Qxc4 Rxc4 22. Nd2 Rxe4 23. Nxe4 Nxe4 24. gxh6 Kf8 25. f4 Ng4 26. h5 g5 27. Rhg1 Nxh6 28. Rd4 Nf2 29. fxg5 Nf5 30. Rdg4 Nxg4 31. Rxg4 Ne3 32. Rg3 Nxd5 33. g6 Nf4 34. Rf3 Bg5 35. gxf7 d5 36. Kd2 Kxf7 37. Ke3 Ke6 38. Kd4 b6 39. a4 Bf6+ 40. Ke3 Nxh5 41. Rh3 Ng7 42. Kd3 Nf5 43. Rh7 Ne7 44. Kc2 Nc6 45. Rb7 Bd8 46. Rh7 a5 47. Rh8 Kd6 48. Rh6+ Kc5 49. Rh5 Bc7 50. Rh7 Be5 51. Rh5 Bg3 52. Rg5 Bf4 53. Rf5 Bd6 54. Rf6 Be5 55. Rh6 Bc7 56. Rh7 Kd6 57. Rh6+ Kd7 58. Kd3 Bf4 59. Rh7+ Kd6 60. Rh4 Ne5+ 61. Kc2 Bg5 62. Rh5 Bf6 63. Rh6 Nd7 64. Kb3 Ke5 65. Rh7 Ke6 66. Rh6 Nc5+ 67. Ka3 Ne4 68. Rh7 Be7+ 69. Ka2 Bg5 70. Rb7 Be3 71. Rb8 Kd7 72. Rh8 Nc5 73. Rh3 Bg5 74. Rh5 Ne4 75. Rh8 Kc6 76. Rc8+ Kd7 77. Rb8 Bd8 78. Ra8 Nd6 79. b4 Nc8 80. bxa5 bxa5 81. Rb8 Nb6 82. Rb7+ Bc7 83. Kb3 Kc6 84. Ra7 Nc8 0-1

[Event "1st Bangalore GM-Open-A 2024"]
[Site "Bangalore"]
[Date "2024.01.20"]
[Round "4.25"]
[White "Goutham Krishna H"]
[Black "Mohammad Nubairshah Shaikh"]
[Result "1-0"]
[ECO "E61"]
[WhiteElo "2288"]
[BlackElo "2428"]
[Annotator "RC"]
[PlyCount "95"]
[EventDate "2024.01.20"]
[EventType "swiss"]
[EventCountry "IND"]
[SourceTitle "playchess.com"]
[Source "ChessBase"]
[SourceQuality "1"]
[TimeControl "5400+30"]

1. d4 Nf6 2. c4 d6 3. Nf3 g6 4. Nc3 Bg7 5. Bf4 O-O 6. h3 Nbd7 7. e3 b6 8. Be2 Bb7 9. Qc2 e5 10. dxe5 dxe5 11. Bh2 Qe7 12. O-O e4 13. Nd4 Ne5 14. Rfd1 Rad8 15. Rd2 c5 16. Nb3 Rxd2 17. Nxd2 Rd8 18. Rd1 Bc6 19. Bf1 Kf8 20. a3 h6 21. b4 g5 22. bxc5 bxc5 23. Nb3 Rxd1 24. Qxd1 Kg8 25. Nb5 Ne8 26. Qd2 a6 27. Nc3 Nf6 28. Nd5 Nxd5 29. cxd5 Ba4 30. d6 Qa7 31. Na5 Nc6 32. Nxc6 Bxc6 33. Qa5 Qb7 34. Qxc5 Bf6 35. Bg3 Bd7 36. Bc4 Qc8 37. Qa7 Qxc4 38. Qxd7 Kg7 39. Qe8 Qc1+ 40. Kh2 Qxa3 41. d7 Qa5 42. Bd6 Qa2 43. Be5 Qxf2 44. d8=Q Bxe5+ 45. Qxe5+ Kg6 46. Qxe4+ Kg7 47. Qed4+ f6 48. Q4d7+ 1-0

[Event "1st Bangalore GM-Open-A 2024"]
[Site "Bangalore"]
[Date "2024.01.20"]
[Round "4.26"]
[White "Vignesh B"]
[Black "Kaustuv, Kundu"]
[Result "1/2-1/2"]
[ECO "B06"]
[WhiteElo "2258"]
[BlackElo "2423"]
[Annotator "ChessBase"]
[PlyCount "153"]
[EventDate "2024.01.20"]
[EventType "swiss"]
[EventCountry "IND"]
[SourceTitle "playchess.com"]
[Source "ChessBase"]
[SourceQuality "1"]
[TimeControl "5400+30"]

1. Nf3 g6 2. e4 c5 3. c3 d5 4. exd5 Qxd5 5. d4 Bg7 6. dxc5 Qxc5 7. Be3 Qc7 8. Be2 Nf6 9. Na3 Nc6 10. Nb5 Qb8 11. h3 O-O 12. O-O Rd8 13. Qc1 Nd5 14. Rd1 a6 15. Nbd4 Nxe3 16. Qxe3 Nxd4 17. Nxd4 Re8 18. Bf3 e5 19. Bd5 Bxh3 20. Qxh3 exd4 21. cxd4 Rd8 22. Qf3 Rd7 23. Rd2 Qa7 24. Rad1 Rf8 25. a4 Qb6 26. Qb3 Qd6 27. Bf3 Bf6 28. Qc4 Rfd8 29. d5 h5 30. Rc2 Kg7 31. b4 Be5 32. Re1 Qf6 33. Qd3 Qf4 34. g3 Qf6 35. Rc4 Rh8 36. Rce4 Bd6 37. Rd1 Rc7 38. Qd4 Rhc8 39. Qxf6+ Kxf6 40. b5 a5 41. Be2 Rc2 42. Rdd4 R8c3 43. Kf1 Ra3 44. Rc4 Rb2 45. Rc8 Ra1+ 46. Kg2 Raa2 47. Kf1 Rb4 48. Re3 Raxa4 49. Rd8 Be5 50. Rd7 Re4 51. Rxe4 Rxe4 52. Rxb7 Bd6 53. Ra7 a4 54. Ra6 Ke7 55. Ra7+ Kf8 56. Ra6 Bc5 57. d6 Rd4 58. Ra8+ Kg7 59. d7 Be7 60. Bf3 Rxd7 61. Rxa4 Bc5 62. Rc4 Bd4 63. Rc6 Ra7 64. Ra6 Rxa6 65. bxa6 Ba7 66. Ke2 Kf6 67. Bd5 g5 68. f4 gxf4 69. gxf4 h4 70. Bg2 Ke6 71. Kf3 Kd6 72. Kg4 Bf2 73. Kf5 Bd4 74. Kg5 Kc7 75. Kxh4 Kb6 76. Bf1 f6 77. Kg4 1/2-1/2

[Event "1st Bangalore GM-Open-A 2024"]
[Site "Bangalore"]
[Date "2024.01.20"]
[Round "4.27"]
[White "Vishnu Prasanna. V"]
[Black "Alekhya Mukhopadhyay"]
[Result "1-0"]
[ECO "E93"]
[WhiteElo "2413"]
[BlackElo "2184"]
[Annotator "RC"]
[PlyCount "133"]
[EventDate "2024.01.20"]
[EventType "swiss"]
[EventCountry "IND"]
[SourceTitle "playchess.com"]
[Source "ChessBase"]
[SourceQuality "1"]
[TimeControl "5400+30"]

1. d4 Nf6 2. c4 g6 3. Nc3 Bg7 4. e4 d6 5. Be2 O-O 6. Nf3 e5 7. d5 a5 8. Be3 Nbd7 9. Nd2 c5 10. g4 Ne8 11. h4 Bf6 12. g5 Be7 13. Nf1 Ng7 14. Ng3 f5 15. gxf6 Bxf6 16. h5 Bg5 17. Qd2 Bxe3 18. Qxe3 Qf6 19. hxg6 hxg6 20. Rh6 Qf4 21. Rxg6 Qxe3 22. fxe3 Nf6 23. Nb5 Kh7 24. Rg5 Kh6 25. Rxg7 Kxg7 26. Nxd6 Ra6 27. Nxc8 Rxc8 28. O-O-O Kf7 29. Rf1 Rg8 30. Nf5 Rg2 31. Bd3 Rb6 32. Bc2 Rb4 33. Nd6+ Kg7 34. a3 Rb6 35. Nc8 Ra6 36. Kb1 Ra8 37. Nd6 b6 38. Nf5+ Kf7 39. Rh1 Rf2 40. Rh4 Rf1+ 41. Ka2 Kg6 42. Rh2 Rg1 43. Nh4+ Kg7 44. Nf3 Ng4 45. Rh5 Rg2 46. Ba4 Rf8 47. Nh4 Rg1 48. Nf5+ Kg6 49. Rh3 Nf6 50. Nh4+ Kg7 51. Nf3 Rg4 52. Nxe5 Rxe4 53. Rg3+ Kh6 54. Rg6+ Kh5 55. Bd1+ Kh4 56. Nf3+ Kh5 57. Rxf6 Rxf6 58. Nd2+ Rg4 59. Ne4 Rf1 60. Ng3+ Kg5 61. Nxf1 Rxc4 62. Nd2 Rc1 63. Ba4 Kf6 64. d6 Re1 65. Nc4 Ke6 66. d7 Ke7 67. Nxb6 1-0

[Event "1st Bangalore GM-Open-A 2024"]
[Site "Bangalore"]
[Date "2024.01.20"]
[Round "4.28"]
[White "Panda Sambit"]
[Black "Aquino, Jethro Dino"]
[Result "1-0"]
[ECO "A34"]
[WhiteElo "2404"]
[BlackElo "2166"]
[Annotator "RC"]
[PlyCount "95"]
[EventDate "2024.01.20"]
[EventType "swiss"]
[EventCountry "IND"]
[SourceTitle "playchess.com"]
[Source "ChessBase"]
[SourceQuality "1"]
[TimeControl "5400+30"]

1. Nf3 Nf6 2. c4 c5 3. g3 d5 4. cxd5 Nxd5 5. Bg2 Nc6 6. Nc3 Nc7 7. O-O e5 8. a3 a5 9. d3 Be7 10. Nd2 Be6 11. Nc4 f6 12. f4 exf4 13. Bxf4 O-O 14. Rc1 Ra6 15. Qb3 g5 16. Bxc7 Qxc7 17. Bd5 Kh8 18. Nb5 Qd7 19. Bxe6 Qxe6 20. Nc7 Nd4 21. Nxe6 Nxb3 22. Nxf8 Nxc1 23. Rxc1 Bxf8 24. a4 Re6 25. e4 b6 26. Rf1 Bd6 27. Rf5 Be5 28. Kf2 Kg7 29. Ke3 h5 30. Nxe5 Rxe5 31. Rxe5 fxe5 32. Kd2 Kf6 33. Kc3 Ke6 34. Kc4 Kd6 35. Kb5 Kc7 36. Ka6 Kc6 37. h3 Kc7 38. Ka7 Kc6 39. Kb8 b5 40. Ka7 c4 41. dxc4 bxa4 42. Ka6 Kc5 43. Kxa5 Kd4 44. Kxa4 Kxe4 45. c5 Kd5 46. b4 e4 47. Kb3 Kd4 48. c6 1-0

[Event "1st Bangalore GM-Open-A 2024"]
[Site "Bangalore"]
[Date "2024.01.20"]
[Round "4.29"]
[White "Thilakarathne, G M H"]
[Black "Rajarishi Karthi"]
[Result "1-0"]
[ECO "C07"]
[WhiteElo "2391"]
[BlackElo "2183"]
[Annotator "RC"]
[PlyCount "71"]
[EventDate "2024.01.20"]
[EventType "swiss"]
[EventCountry "IND"]
[SourceTitle "playchess.com"]
[Source "ChessBase"]
[SourceQuality "1"]
[TimeControl "5400+30"]

1. e4 e6 2. d4 d5 3. Nd2 c5 4. Ngf3 Nc6 5. exd5 Qxd5 6. Bc4 Qd8 7. dxc5 Bxc5 8. O-O Nf6 9. a3 O-O 10. b4 Bd4 11. Rb1 e5 12. Nxd4 Nxd4 13. c3 Nc6 14. Qf3 Bg4 15. Qg3 Qd7 16. Nb3 Rad8 17. f3 Qf5 18. Rb2 Bh5 19. Re2 Rfe8 20. Bg5 Bg6 21. Nc5 b6 22. Ne4 Nh5 23. Qh4 Nf4 24. Bxd8 Nxe2+ 25. Bxe2 Nxd8 26. Nd6 Qe6 27. Nxe8 Qxe8 28. Bb5 Qf8 29. Rd1 f6 30. Qc4+ Nf7 31. Rd7 h5 32. Bc6 Kh7 33. Be4 Ng5 34. Bxg6+ Kxg6 35. Qd3+ Kh6 36. Rd8 1-0

[Event "1st Bangalore GM-Open-A 2024"]
[Site "Bangalore"]
[Date "2024.01.20"]
[Round "4.30"]
[White "Sangma, Rahul"]
[Black "Aradhya, Garg"]
[Result "0-1"]
[ECO "A17"]
[WhiteElo "2182"]
[BlackElo "2390"]
[Annotator "RC"]
[PlyCount "70"]
[EventDate "2024.01.20"]
[EventType "swiss"]
[EventCountry "IND"]
[SourceTitle "playchess.com"]
[Source "ChessBase"]
[SourceQuality "1"]
[TimeControl "5400+30"]

1. Nf3 d5 2. e3 Nf6 3. c4 e6 4. Nc3 b6 5. cxd5 exd5 6. b3 Bb7 7. Bb2 Nbd7 8. Rc1 a6 9. d4 Bd6 10. g3 Qe7 11. Bg2 O-O-O 12. Qc2 Kb8 13. O-O h5 14. Nh4 g6 15. Rfe1 Ne4 16. f3 Nxg3 17. hxg3 Bxg3 18. Nxg6 fxg6 19. e4 Qh4 20. Nxd5 Bxd5 21. exd5 Qh2+ 22. Kf1 h4 23. Re5 Bxe5 24. dxe5 Nc5 25. b4 h3 26. bxc5 hxg2+ 27. Qxg2 Qxg2+ 28. Kxg2 Rxd5 29. Kg3 Rxc5 30. Re1 Re8 31. Re2 Rc4 32. f4 Kc8 33. Kg4 Rf8 34. Rf2 Kd7 35. Kg5 Ke6 0-1

[Event "1st Bangalore GM-Open-A 2024"]
[Site "Bangalore"]
[Date "2024.01.20"]
[Round "4.31"]
[White "Nithin Babu"]
[Black "Nitin, S.."]
[Result "1-0"]
[ECO "E33"]
[WhiteElo "2177"]
[BlackElo "2385"]
[Annotator "RC"]
[PlyCount "77"]
[EventDate "2024.01.20"]
[EventType "swiss"]
[EventCountry "IND"]
[SourceTitle "playchess.com"]
[Source "ChessBase"]
[SourceQuality "1"]
[TimeControl "5400+30"]

1. d4 Nf6 2. c4 Nc6 3. Nf3 e6 4. Nc3 Bb4 5. Qc2 d6 6. Bd2 e5 7. d5 Bxc3 8. Bxc3 Ne7 9. e4 O-O 10. Nd2 Ne8 11. O-O-O f5 12. Bd3 f4 13. c5 Bg4 14. f3 Bd7 15. Nc4 Ng6 16. Qf2 Qe7 17. cxd6 cxd6 18. Kb1 Nc7 19. Bb4 Rf6 20. Rc1 Bb5 21. Rhd1 Qd7 22. Bf1 Na6 23. Ba3 h6 24. Rd2 Kh7 25. Rdc2 h5 26. Rc3 Kh6 27. Ka1 Kh7 28. R3c2 Kh6 29. Rc3 Kh7 30. b3 Kh6 31. Nxd6 Bxf1 32. Nf5+ Kh7 33. Qxf1 Nh8 34. Qf2 Re8 35. Qh4 Rxf5 36. exf5 Qxf5 37. g4 fxg3 38. hxg3 Ng6 39. Qe4 1-0

[Event "1st Bangalore GM-Open-A 2024"]
[Site "Bangalore"]
[Date "2024.01.20"]
[Round "4.32"]
[White "Subhayan Kundu"]
[Black "Vijayakumar, Rishi"]
[Result "1-0"]
[ECO "C54"]
[WhiteElo "2385"]
[BlackElo "2104"]
[Annotator "TA"]
[PlyCount "127"]
[EventDate "2024.01.20"]
[EventType "swiss"]
[EventCountry "IND"]
[SourceTitle "playchess.com"]
[Source "ChessBase"]
[SourceQuality "1"]
[TimeControl "5400+30"]

1. e4 e5 2. Nf3 Nc6 3. Bc4 Bc5 4. c3 Nf6 5. d3 a6 6. Nbd2 d6 7. Bb3 Ba7 8. h3 Be6 9. Ng5 Bxb3 10. Qxb3 O-O 11. Qxb7 Nh5 12. Nc4 Qd7 13. Qb3 d5 14. Ne3 Nf4 15. exd5 Bxe3 16. Bxe3 Rab8 17. Qa4 Nxg2+ (17... Nxd5 18. Qc2 $14) (17... Nxd3+ 18. Kf1 Qxd5 19. Qe4 Qxe4 20. Nxe4) 18. Kd2 $2 (18. Kd1 Qxd5 19. Bd2) 18... Qxd5 19. b3 Nxe3 20. Kxe3 Qc5+ (20... e4 $142 21. Nxe4 f5) 21. Kf3 $19 Qxc3 ({Black should play} 21... Rbd8 $19 22. Rad1 e4+ (22... Qxc3 23. Ne4 $17) 23. Nxe4 Qh5+ 24. Kg2 Ne5) 22. Qe4 $17 g6 23. Rac1 Nd4+ 24. Kg2 Qd2 25. Qxe5 Rb5 (25... Qxd3 $6 26. Rhd1 Rb5 27. Rxd3 $11) 26. Rc5 {[%emt 0:04:17] [#]} Nc6 $1 27. Qd5 Nb4 (27... Qxa2 $2 28. Qxc6 Rxc5 29. Qxc5 $18) 28. Qc4 Rxc5 (28... Nxa2 $6 29. Ne4 Rxc5 30. Qxc5 Qxd3 31. Re1 $14) (28... Qxd3 29. Rxb5 Qxc4 30. bxc4) 29. Qxc5 Nxd3 (29... Nxa2 $6 30. Nxh7 Kxh7 31. Qxf8 Qg5+ 32. Kf1 Qc1+ 33. Kg2 Qg5+ 34. Kf1 Qc1+ 35. Kg2 Qg5+ $11) 30. Ne4 Qf4 ({Don't play} 30... Qxa2 $6 31. Nf6+ Kg7 32. Nh5+ Kg8 (32... gxh5 33. Qg5+ Kh8 34. Qf6+ Kg8 35. Qg5+ Kh8 36. Qf6+ Kg8 37. Qg5+ Kh8 $11) 33. Nf6+ Kg7 34. Nh5+ Kg8 (34... gxh5 35. Qg5+ Kh8 36. Qf6+ Kg8 37. Qg5+ Kh8 38. Qf6+ Kg8 39. Qg5+ Kh8 $11) 35. Nf6+ $11) (30... Nxc5 $17 31. Nxd2 Rd8) 31. Qd4 $15 Ne5 32. Re1 Qf3+ 33. Kg1 Qf5 34. Re3 c5 35. Qc3 Nf3+ 36. Kg2 $1 Nd4 $1 37. Qxc5 Qxc5 38. Nxc5 Nf5 (38... a5 $11) 39. Re4 $16 Ra8 {[%emt 0:00:42] [#]} (39... Rc8 $142 40. Nxa6 Kf8) 40. Ra4 $1 $16 Rc8 41. b4 ({Don't do} 41. Nxa6 Rc2 $16) 41... Rd8 (41... Nd4 $16) 42. Nxa6 Nh4+ 43. Kf1 Rd1+ 44. Ke2 Rb1 45. Nc7 Nf5 46. b5 Nd6 (46... Kf8 {was worth a try.} 47. Ra7 h6 (47... Nd4+ $2 48. Kd3 $18)) 47. Ra8+ $18 Kg7 48. a4 h5 49. Rd8 Nc4 50. Rd4 Rb4 $2 (50... Na5 {is more resistant.} 51. Nd5 Ra1) 51. Ne8+ $18 Kh6 52. Nd6 Rb2+ 53. Kf1 Nxd6 $2 (53... Na5 54. Nxf7+ Kg7) 54. Rxd6 $18 Rb4 55. Ra6 Kg5 56. b6 Kf5 57. a5 Ke5 58. Ra7 Rb5 59. b7 ({Not} 59. Rxf7 Rxa5 60. Ke2 Rb5 $16) 59... Kd6 60. a6 Kc7 61. Ra8 Rb1+ 62. Kg2 Rb2 63. Rc8+ Kd7 64. b8=Q 1-0

[Event "1st Bangalore GM-Open-A 2024"]
[Site "Bangalore"]
[Date "2024.01.20"]
[Round "4.33"]
[White "Ayush Sharma"]
[Black "Vaibhav Jayant Raut"]
[Result "1-0"]
[ECO "D41"]
[WhiteElo "2378"]
[BlackElo "2052"]
[Annotator "RC"]
[PlyCount "55"]
[EventDate "2024.01.20"]
[EventType "swiss"]
[EventCountry "IND"]
[SourceTitle "playchess.com"]
[Source "ChessBase"]
[SourceQuality "1"]
[TimeControl "5400+30"]

1. Nf3 Nf6 2. c4 e6 3. Nc3 d5 4. d4 c5 5. cxd5 cxd4 6. Qa4+ Bd7 7. Qxd4 exd5 8. Bg5 Be6 9. Bxf6 Qxf6 10. Qxf6 gxf6 11. O-O-O Nc6 12. Nxd5 Rc8 13. Kb1 Bc5 14. e3 O-O 15. Nxf6+ Kh8 16. Ng5 Ne5 17. Be2 Bf5+ 18. e4 Bg6 19. f4 h6 20. Nh3 Be7 21. fxe5 Bxf6 22. exf6 Bxe4+ 23. Bd3 Bxg2 24. Rhg1 Bxh3 25. Rg7 Rc5 26. Rh7+ Kg8 27. Rxh6 Bg2 28. Bh7+ 1-0